[Event "GER-ch Youth U14 2019"]
[Site "Willingen"]
[Date "2019.06.15"]
[Round "9.10"]
[White "Kosev, Momchil"]
[Black "Farokhi, Keyvan"]
[Result "1/2-1/2"]
[ECO "A04"]
[WhiteElo "1827"]
[BlackElo "1963"]
[Annotator "NA"]
[PlyCount "68"]
[EventDate "2019.06.07"]
[EventType "swiss"]
[EventRounds "9"]
[EventCountry "GER"]
[SourceTitle "playchess.com"]
[Source "ChessBase"]
[SourceQuality "1"]
[TimeControl "40/5400+30:1800+30"]

1. Nf3 g6 2. g3 Bg7 3. Bg2 Nf6 4. O-O O-O 5. d3 d5 6. Nbd2 b6 7. e4 e6 8. Re1 Bb7 9. e5 Nfd7 10. Nf1 c5 11. h4 Qc7 12. Bf4 Nc6 13. Qe2 Rae8 14. N1h2 Qc8 15. c4 f6 16. exf6 Nxf6 17. Bd6 Rf7 18. Bh3 Qd8 19. Be5 Nxe5 20. Nxe5 Rfe7 21. Rad1 Nd7 22. Nhf3 Nxe5 23. Nxe5 d4 24. Bg2 Bxg2 25. Kxg2 Qd6 26. f4 Bxe5 27. Qxe5 Qc6+ 28. Qe4 Qa4 29. a3 Qc2+ 30. Qe2 Qb3 31. Rd2 e5 32. fxe5 Rxe5 33. Qxe5 Rxe5 34. Rxe5 Qa4 {[%emt 0:00:46] normal} 1/2-1/2

[Event "GER-ch Youth U14 2019"]
[Site "Willingen"]
[Date "2019.06.15"]
[Round "9.11"]
[White "Matthaei, Jakob"]
[Black "Arakelian, Aik"]
[Result "1/2-1/2"]
[ECO "B22"]
[WhiteElo "1666"]
[BlackElo "1911"]
[Annotator "NA"]
[PlyCount "93"]
[EventDate "2019.06.07"]
[EventType "swiss"]
[EventRounds "9"]
[EventCountry "GER"]
[SourceTitle "playchess.com"]
[Source "ChessBase"]
[SourceQuality "1"]
[TimeControl "40/5400+30:1800+30"]

1. e4 c5 2. c3 Nf6 3. e5 Nd5 4. d4 cxd4 5. Nf3 Nc6 6. cxd4 d6 7. Bc4 dxe5 8. dxe5 Ndb4 9. Qb3 e6 10. O-O Na5 11. Bb5+ Bd7 12. Qa4 Bxb5 13. Qxb5+ Nac6 14. Qe2 Qd3 15. Nc3 Qxe2 16. Nxe2 Nd3 17. Bf4 Nxf4 18. Nxf4 h6 19. Rfd1 Be7 20. Ne2 Rd8 21. Rxd8+ Kxd8 22. Ned4 a6 23. Nxc6+ bxc6 24. Nd4 Kc7 25. Rc1 c5 26. b4 Rd8 27. Nb3 Rd5 28. f4 Kb6 29. bxc5+ Bxc5+ 30. Nxc5 Rxc5 31. Rd1 g5 32. g3 gxf4 33. gxf4 Rc4 34. Rf1 Kc5 35. Rf2 a5 36. Kg2 Rc3 37. Rd2 a4 38. Rd7 Rc2+ 39. Kg3 Rxa2 40. Rxf7 a3 41. Ra7 Ra1 42. Kh4 Kb4 43. Rb7+ Kc4 44. Ra7 Kd4 45. Kh5 Ke4 46. Ra4+ Kf5 47. Kxh6 {[%emt 0:00:00] normal} 1/2-1/2

[Event "GER-ch Youth U14 2019"]
[Site "Willingen"]
[Date "2019.06.15"]
[Round "9.12"]
[White "Haufe, Laurin"]
[Black "Sinnhoefer, Joshua"]
[Result "1/2-1/2"]
[ECO "C45"]
[WhiteElo "1995"]
[BlackElo "1466"]
[Annotator "NA"]
[PlyCount "46"]
[EventDate "2019.06.07"]
[EventType "swiss"]
[EventRounds "9"]
[EventCountry "GER"]
[SourceTitle "playchess.com"]
[Source "ChessBase"]
[SourceQuality "1"]
[TimeControl "40/5400+30:1800+30"]

1. e4 e5 2. Nf3 Nc6 3. d4 exd4 4. Nxd4 Nf6 5. Nxc6 bxc6 6. e5 Qe7 7. Qe2 Nd5 8. c4 Ba6 9. f4 Qb4+ 10. Qd2 Nxf4 11. a3 Qxd2+ 12. Bxd2 Ne6 13. Bc3 Be7 14. Be2 Nf4 15. Bf1 O-O 16. g3 Ne6 17. Nd2 Rfe8 18. O-O-O Bg5 19. Kc2 Rad8 20. Ne4 Be3 21. b3 c5 22. Bg2 Bd4 23. Rhe1 Kf8 {[%emt 0:01:58] normal} 1/2-1/2

[Event "GER-ch Youth U14 2019"]
[Site "Willingen"]
[Date "2019.06.15"]
[Round "9.13"]
[White "Schauties, Nico Antonio"]
[Black "Haack, Kevin"]
[Result "0-1"]
[ECO "D48"]
[WhiteElo "1866"]
[BlackElo "2033"]
[Annotator "NA"]
[PlyCount "58"]
[EventDate "2019.06.07"]
[EventType "swiss"]
[EventRounds "9"]
[EventCountry "GER"]
[SourceTitle "playchess.com"]
[Source "ChessBase"]
[SourceQuality "1"]
[TimeControl "40/5400+30:1800+30"]

1. d4 d5 2. c4 e6 3. Nf3 Nf6 4. Nc3 c6 5. e3 Nbd7 6. Bd3 dxc4 7. Bxc4 b5 8. Bd3 a6 9. O-O c5 10. Re1 Bb7 11. e4 cxd4 12. Nxd4 Nc5 13. Bc2 e5 14. Nf5 g6 15. Ng3 Qc7 16. Bg5 Be7 17. Bh6 Rd8 18. Qe2 Ne6 19. Be3 O-O 20. Rac1 Qa5 21. Red1 Nd4 22. Qe1 Nxc2 23. Rxc2 b4 24. Nb1 Nxe4 25. Nxe4 Bxe4 26. Rcd2 Rxd2 27. Bxd2 Bxb1 28. Rxb1 Qxa2 {[%emt 0:00:23] normal} 29. g3 Rd8 {[%emt 0:02:56] normal} 0-1

[Event "GER-ch Youth U14 2019"]
[Site "Willingen"]
[Date "2019.06.15"]
[Round "9.14"]
[White "Tham, Nam"]
[Black "Chassard, Cedric"]
[Result "1/2-1/2"]
[ECO "C11"]
[WhiteElo "1993"]
[BlackElo "1772"]
[Annotator "NA"]
[PlyCount "43"]
[EventDate "2019.06.07"]
[EventType "swiss"]
[EventRounds "9"]
[EventCountry "GER"]
[SourceTitle "playchess.com"]
[Source "ChessBase"]
[SourceQuality "1"]
[TimeControl "40/5400+30:1800+30"]

1. e4 e6 2. d4 d5 3. Nc3 Nf6 4. e5 Nfd7 5. f4 c5 6. Nf3 Nc6 7. Be3 a6 8. Qd2 b5 9. dxc5 Bxc5 10. Bd3 Qb6 11. Bf2 h6 12. O-O Ra7 13. Rae1 Ne7 14. Nh4 g6 15. Ne2 Nf5 16. Nxf5 gxf5 17. c3 Bxf2+ 18. Rxf2 Nc5 19. Nd4 Bd7 20. Bb1 h5 21. Qe3 h4 22. Rf3 {[%emt 0:02:32] normal} 1/2-1/2

[Event "GER-ch Youth U14 2019"]
[Site "Willingen"]
[Date "2019.06.15"]
[Round "9.15"]
[White "Bress, Aaron"]
[Black "Simukov, Erik"]
[Result "0-1"]
[ECO "C95"]
[WhiteElo "1849"]
[BlackElo "1904"]
[Annotator "NA"]
[PlyCount "66"]
[EventDate "2019.06.07"]
[EventType "swiss"]
[EventRounds "9"]
[EventCountry "GER"]
[SourceTitle "playchess.com"]
[Source "ChessBase"]
[SourceQuality "1"]
[TimeControl "40/5400+30:1800+30"]

1. e4 e5 2. Nf3 Nc6 3. Bb5 a6 4. Ba4 Nf6 5. O-O Be7 6. Re1 b5 7. Bb3 d6 8. c3 O-O 9. h3 Nb8 10. d4 Nbd7 11. Nbd2 Bb7 12. Bc2 Re8 13. Nf1 Bf8 14. Ng3 g6 15. Nh2 d5 16. dxe5 Nxe4 17. Nxe4 dxe4 18. Bxe4 Bxe4 19. Rxe4 Nxe5 20. Qxd8 Raxd8 21. Bg5 Nd3 22. Rxe8 Rxe8 23. Ng4 Bg7 24. Rd1 Re1+ 25. Rxe1 Nxe1 26. Ne3 Nd3 27. Nd5 Nxb2 28. Nxc7 Na4 29. Nxa6 Nxc3 30. Nc7 b4 31. Na6 Bf8 32. Bf6 Nxa2 33. Kf1 Bd6 {[%emt 0:24:05] normal} 0-1

[Event "GER-ch Youth U14 2019"]
[Site "Willingen"]
[Date "2019.06.15"]
[Round "9.16"]
[White "Evering, Soeren"]
[Black "Wang, Xinyuan"]
[Result "1-0"]
[ECO "B42"]
[WhiteElo "1879"]
[BlackElo "1709"]
[Annotator "NA"]
[PlyCount "61"]
[EventDate "2019.06.07"]
[EventType "swiss"]
[EventRounds "9"]
[EventCountry "GER"]
[SourceTitle "playchess.com"]
[Source "ChessBase"]
[SourceQuality "1"]
[TimeControl "40/5400+30:1800+30"]

1. e4 c5 2. Nf3 e6 3. d4 cxd4 4. Nxd4 a6 5. Bd3 Qc7 6. O-O Nf6 7. c4 b6 8. Nc3 Bb7 9. Be3 d6 10. Rc1 Nbd7 11. b4 Rc8 12. f4 Be7 13. Qf3 Qb8 14. Qg3 h5 15. f5 e5 16. Nf3 Ng4 17. Bg5 Bxg5 18. Nxg5 Qa7 19. b5 Nc5 20. Be2 Nf6 21. Rfd1 Qb8 22. bxa6 Bxa6 23. Nd5 Nxd5 24. Rxd5 Bb7 25. Rdd1 Nxe4 26. Nxe4 Bxe4 27. Qxg7 Ke7 28. f6+ Ke6 29. Bxh5 Rxh5 30. Qg4+ Rf5 31. Qxe4 {[%emt 0:00:02] normal} 1-0

[Event "GER-ch Youth U14 2019"]
[Site "Willingen"]
[Date "2019.06.15"]
[Round "9.17"]
[White "Wellssow, Keoki"]
[Black "May, Ben-Iven"]
[Result "0-1"]
[ECO "A15"]
[WhiteElo "1509"]
[BlackElo "1692"]
[Annotator "NA"]
[PlyCount "82"]
[EventDate "2019.06.07"]
[EventType "swiss"]
[EventRounds "9"]
[EventCountry "GER"]
[SourceTitle "playchess.com"]
[Source "ChessBase"]
[SourceQuality "1"]
[TimeControl "40/5400+30:1800+30"]

1. c4 Nf6 2. g3 g6 3. Bg2 Bg7 4. Nc3 O-O 5. e3 d6 6. Nge2 e5 7. O-O Nbd7 8. d3 Ne8 9. f4 f5 10. Bd2 c6 11. Qc2 Qc7 12. Rfc1 Nef6 13. Rab1 Re8 14. h3 Kh8 15. b4 exf4 16. exf4 a6 17. Kh2 h6 18. Re1 Nf8 19. Ng1 Bd7 20. Nf3 Re6 21. Rxe6 Nxe6 22. Be3 b5 23. cxb5 axb5 24. Rc1 Rc8 25. Qb3 Qb8 26. a3 Kh7 27. Kg1 Nh5 28. Kh2 d5 29. Bf2 g5 30. fxg5 hxg5 31. Re1 Bf6 32. Ne2 g4 33. Nfd4 Nxd4 34. Nxd4 Bxd4 35. Re7+ Kg6 36. Bxd4 Qxg3+ 37. Kg1 gxh3 38. Qc2 Re8 39. Rxe8 Bxe8 40. Qe2 Qxg2+ 41. Qxg2+ hxg2 {[%emt 0:30:05] normal} 0-1

[Event "GER-ch Youth U14 2019"]
[Site "Willingen"]
[Date "2019.06.15"]
[Round "9.18"]
[White "Roeste, Hugo"]
[Black "Bornholdt, Joa Max"]
[Result "1/2-1/2"]
[ECO "E10"]
[WhiteElo "1466"]
[BlackElo "1754"]
[Annotator "NA"]
[PlyCount "54"]
[EventDate "2019.06.07"]
[EventType "swiss"]
[EventRounds "9"]
[EventCountry "GER"]
[SourceTitle "playchess.com"]
[Source "ChessBase"]
[SourceQuality "1"]
[TimeControl "40/5400+30:1800+30"]

1. d4 Nf6 2. c4 e6 3. Nf3 c5 4. Nc3 cxd4 5. Nxd4 Bb4 6. Qc2 Nc6 7. Nxc6 bxc6 8. e3 O-O 9. Bd3 d5 10. O-O Qe7 11. a3 Bd6 12. b4 Bb8 13. cxd5 cxd5 14. Bb2 Bb7 15. Be2 Qc7 16. g3 Nd7 17. Rac1 Qd6 18. Nb5 Qe7 19. Qd2 Ne5 20. Rc5 a6 21. Nd4 Bd6 22. Rc2 a5 23. Nb5 axb4 24. Nxd6 Qxd6 25. Qxb4 Qxb4 26. axb4 Ra2 27. Rfc1 Nc4 {[%emt 0:01:24] normal} 1/2-1/2

[Event "GER-ch Youth U14 2019"]
[Site "Willingen"]
[Date "2019.06.15"]
[Round "9.19"]
[White "Divry, Alexandre"]
[Black "Elsner, Robert"]
[Result "0-1"]
[ECO "E91"]
[WhiteElo "1654"]
[BlackElo "1745"]
[Annotator "NA"]
[PlyCount "76"]
[EventDate "2019.06.07"]
[EventType "swiss"]
[EventRounds "9"]
[EventCountry "GER"]
[SourceTitle "playchess.com"]
[Source "ChessBase"]
[SourceQuality "1"]
[TimeControl "40/5400+30:1800+30"]

1. d4 Nf6 2. c4 g6 3. Nc3 Bg7 4. e4 d6 5. Be2 O-O 6. Nf3 Nbd7 7. O-O e5 8. Be3 Ng4 9. Bg5 f6 10. Bd2 Nh6 11. b4 f5 12. d5 f4 13. h3 g5 14. Nh2 Nf6 15. Ng4 Nhxg4 16. Bxg4 Nxg4 17. hxg4 h5 18. gxh5 g4 19. f3 g3 20. Re1 Qh4 21. Kf1 Qh2 22. Ke2 Qxg2+ 23. Kd3 Bh6 24. Qe2 Qxe2+ 25. Nxe2 Kg7 26. Rg1 Bd7 27. Nxg3 fxg3 28. Rxg3+ Kh7 29. Bxh6 Kxh6 30. Rag1 Rf7 31. Rg6+ Kh7 32. h6 Raf8 33. Rg7+ Kxh6 34. R7g6+ Kh7 35. R6g2 Rxf3+ 36. Ke2 Bh3 37. Rh1 Ra3 38. Ke1 Rff3 {[%emt 0:00:26] normal} 0-1

[Event "GER-ch Youth U14 2019"]
[Site "Willingen"]
[Date "2019.06.15"]
[Round "9.20"]
[White "Kolmykov, Egor"]
[Black "Rockmann, Enno"]
[Result "1/2-1/2"]
[ECO "C02"]
[WhiteElo "1642"]
[BlackElo "1527"]
[Annotator "NA"]
[PlyCount "34"]
[EventDate "2019.06.07"]
[EventType "swiss"]
[EventRounds "9"]
[EventCountry "GER"]
[SourceTitle "playchess.com"]
[Source "ChessBase"]
[SourceQuality "1"]
[TimeControl "40/5400+30:1800+30"]

1. e4 e6 2. d4 d5 3. e5 c5 4. c3 Nc6 5. Nf3 f6 6. exf6 Nxf6 7. Bd3 c4 8. Bc2 Bd6 9. O-O O-O 10. Re1 Qc7 11. h3 e5 12. dxe5 Nxe5 13. Nbd2 Bd7 14. Nxe5 Bxe5 15. Nf3 Bd6 16. Bg5 Bc6 17. Nd4 Bc5 {[%emt 0:12:16] normal} 1/2-1/2

[Event "GER-ch Youth U14 2019"]
[Site "Willingen"]
[Date "2019.06.15"]
[Round "9.21"]
[White "Wildermuth, Nikolas Karl"]
[Black "Seng, Alexander"]
[Result "1/2-1/2"]
[ECO "B21"]
[WhiteElo "1748"]
[BlackElo "1505"]
[Annotator "NA"]
[PlyCount "35"]
[EventDate "2019.06.07"]
[EventType "swiss"]
[EventRounds "9"]
[EventCountry "GER"]
[SourceTitle "playchess.com"]
[Source "ChessBase"]
[SourceQuality "1"]
[TimeControl "40/5400+30:1800+30"]

1. e4 c5 2. d4 cxd4 3. c3 Nc6 4. cxd4 e6 5. Nf3 Nf6 6. Nc3 a6 7. a4 d5 8. e5 Ne4 9. Bd3 Bb4 10. Bd2 Nxd2 11. Qxd2 Qa5 12. O-O Ne7 13. Rfc1 Bd7 14. Qd1 O-O 15. h4 Rac8 16. Qb3 Rc7 17. Na2 Rxc1+ 18. Rxc1 {[%emt 0:00:23] normal} 1/2-1/2

[Event "GER-ch Youth U14 2019"]
[Site "Willingen"]
[Date "2019.06.15"]
[Round "9.22"]
[White "Straub, Benno"]
[Black "Gutewort, Paul Emil"]
[Result "1-0"]
[ECO "B22"]
[WhiteElo "1490"]
[BlackElo "1708"]
[Annotator "NA"]
[PlyCount "59"]
[EventDate "2019.06.07"]
[EventType "swiss"]
[EventRounds "9"]
[EventCountry "GER"]
[SourceTitle "playchess.com"]
[Source "ChessBase"]
[SourceQuality "1"]
[TimeControl "40/5400+30:1800+30"]

1. e4 c5 2. c3 g6 3. d4 cxd4 4. cxd4 d5 5. e5 Nc6 6. Nf3 Bg7 7. Nc3 Nh6 8. Be2 Bg4 9. O-O Nf5 10. Ne1 Bxe2 11. Nxe2 O-O 12. Nf3 e6 13. b3 Qb6 14. Ba3 Rfd8 15. Bc5 Qa6 16. a4 Rac8 17. b4 b5 18. Nc3 bxa4 19. b5 Qa5 20. Qxa4 Qxa4 21. Nxa4 Na5 22. Bxa7 Ra8 23. Bb6 Rdb8 24. Rfb1 Nc4 25. Bc7 Rb7 26. b6 Bf8 27. Nc5 Rxa1 28. Rxa1 Bxc5 29. dxc5 Ne7 30. Ra7 {[%emt 0:00:31] normal} 1-0